 Dungeon Crawl Stone Soup version 0.21-a0-504-g2eda330 (webtiles) character file.

74 Madydog the Slasher (level 4, 0/41 HPs)
             Began as a Minotaur Berserker on Nov 25, 2017.
             Was a Follower of Trog.
             Slain by Sigmund
             ... wielding a +0 scythe of flaming
              (5 damage)
             ... on level 2 of the Dungeon.
             The game lasted 00:01:52 (862 turns).

Madydog the Slasher (Minotaur Berserker)             Turns: 862, Time: 00:01:53

Health: 0/41       AC:  9    Str: 23    XL:     4   Next: 9%
Magic:  3/3        EV:  9    Int:  4    God:    Trog [*.....]
Gold:   81         SH:  0    Dex:  9    Spells: 3/3 levels left

rFire    . . .     SeeInvis .   a - +0 falchion
rCold    . . .     Gourm    .   (no shield)
rNeg     . . .     Faith    .   m - +0 chain mail
rPois    .         Spirit   .   (helmet restricted)
rElec    .         Reflect  .   (no cloak)
rCorr    .         Harm     .   (no gloves)
MR       .....                  (no boots)
Stlth    ..........             (no amulet)
HPRegen  0.13/turn              (no ring)
MPRegen  0.08/turn              (no ring)

@: no status effects
A: retaliatory headbutt, horns 2
a: Berserk, Burn Spellbooks, Renounce Religion


You were on level 2 of the Dungeon.
You worshipped Trog.
Trog was aware of your devotion.
You were not hungry.

You visited 1 branch of the dungeon, and saw 2 of its levels.

You collected 81 gold pieces.

Inventory:

Hand Weapons
 a - a +0 falchion (weapon)
Armour
 b - a +0 animal skin
 m - a +0 chain mail (worn)
Scrolls
 d - 5 scrolls of enchant armour {unknown}
 f - 4 scrolls of identify {unknown}
 l - a scroll of teleportation {unknown}
 n - a scroll of immolation {unknown}
Potions
 e - a potion of lignification {unknown}
 h - 3 potions of curing {unknown}
 i - a potion of cancellation {unknown}
Comestibles
 c - 2 bread rations
 j - a royal jelly
 k - 2 meat rations


   Skills:
 + Level 4.5 Fighting
 + Level 4.7 Long Blades
 + Level 2.8 Armour
 + Level 2.7 Dodging
 + Level 0.1 Stealth


You had 3 spell levels left.
You didn't know any spells.

Dungeon Overview and Level Annotations

Branches:
Dungeon (2/15)

Altars:

Annotations:
D:2 Robin, Sigmund


Innate Abilities, Weirdness & Mutations

You reflexively headbutt those who attack you in melee.
You have a pair of horns on your head.


Message History

Something hits you but does no damage.
You hit something. You headbutt something!
Something hits you but does no damage.
You miss something. Your headbutt misses something. Something hits you.
Something burns you.
You closely miss something.
All of the chunks of flesh in your inventory have rotted away.
You closely miss something. Something hits you. Something burns you.
Unknown command.
You closely miss something. You headbutt something.
Robin says, "A pitiful Minotaur like you will never find the ORB!"
You hear some strange, mumbled words.
A magic dart appears from out of thin air!
The magic dart hits you!
Robin says, "A pitiful Minotaur like you will never find the ORB!"
You are too injured to fight recklessly!
You hit something. Your headbutt misses something. Something hits you!
* * * LOW HITPOINT WARNING * * *
Something burns you.
You die...

># .# .# ##.
..# #.. #..#
#g# #..# #{#
#..# #@#
#..#
##?###..#
.###).†##..#
#..........#
#####...##.#
### ##.###.#
#.. ...# #.#
#.# #####
#.# #.# #.#


You could see Robin.

Vanquished Creatures
  Natasha (D:2)
  2 adders (D:2)
  A dart slug (D:1)
  A leopard gecko (D:1)
  2 giant cockroaches
  4 goblins (D:2)
  5 hobgoblins
  5 bats (D:1)
  2 frilled lizards
  A kobold (D:1)
  3 rats (D:1)
27 creatures vanquished.

Notes
Turn   | Place    | Note
-------+----------+-------------------------------------------
     0 | D:1      | Madydog the Minotaur Berserker began the quest for the Orb.
     0 | D:1      | Reached XP level 1. HP: 19/19 MP: 0/0
   163 | D:1      | Reached XP level 2. HP: 25/27 MP: 1/1
   624 | D:2      | Noticed Natasha
   630 | D:2      | Killed Natasha
   630 | D:2      | Reached XP level 3. HP: 27/34 MP: 2/2
   839 | D:2      | Noticed Robin
   842 | D:2      | Noticed Sigmund
   846 | D:2      | Reached XP level 4. HP: 35/41 MP: 3/3
   862 | D:2      | Slain by Sigmund

Vault maps used:
D:1:      tarquinn_simple_flora_water_c
D:2:      lemuel_crystal_altar, uniq_robin, uniq_crazy_yiuf_cottage,
          uniq_sigmund, uniq_natasha

Skill      XL: |  1  2 |
---------------+-------+-----
Long Blades    | 4 |  4.7
Fighting       | 4 |  4.5
Armour         | |  2.8
Dodging        | |  2.7
Stealth        | |  0.1

Action                   |  1- 3 |  4- 6 || total
-------------------------+-------+-------++-------
Melee: Falchion          |    47 |    15 ||    62
       Headbutt          |     9 |     4 ||    13
Invok: Berserk           |     1 |       ||     1
 Stab: Sleeping          |     1 |       ||     1
  Eat: Chunk             |     1 |       ||     1
Armor: Animal skin       |    14 |       ||    14
       Chain mail        |    10 |     8 ||    18
Dodge: Dodged            |    26 |     3 ||    29
       Rpst.: Falchion   |     9 |     1 ||    10

Table legend:
 A = Spawn XP
 B = Non-spawn XP
 C = Spawn XP percentage of total XP
 D = Spawn monster count
 E = Non-spawn monster count
 F = Spawn count percentage of total count
 G = Total turns spent on level
                    A         B        C        D         E        F      G
               +---------+---------+-------+---------+---------+-------+---------
         Total |       0 |     106 |   0.0 |       0 |      27 |   0.0 |   862
               +---------+---------+-------+---------+---------+-------+---------
           D:1 |       0 |      27 |   0.0 |       0 |      15 |   0.0 |   624
           D:2 |       0 |      79 |   0.0 |       0 |      12 |   0.0 |   238
               +---------+---------+-------+---------+---------+-------+---------
